 Dungeon Sprint DCSS version 0.28-a0-863-g8cecda6153 (webtiles) character file.

Game seed: 17180822655590755865

420 kae the Changer (level 6, -3/69 HPs)
             Began as a Draconian Transmuter on Nov 18, 2021.
             Was an Initiate of Ru.
             Slain by Sonja (5 damage)
             ... in the Dungeon (Sprint I: "Red Sonja").
             The game lasted 00:01:13 (483 turns).

kae the Changer (Draconian Transmuter)               Turns: 483, Time: 00:01:13

Health: -3/69      AC:  7    Str: 12    XL:     6   Next: 62%
Magic:  11/14      EV: 11    Int: 15    God:    Ru [......]
Gold:   21         SH:  0    Dex: 12    Spells: 8/16 levels left

rFire   x . .      SeeInvis .     - Unarmed
rCold   + + +      Faith    .   (shield currently unavailable)
rNeg    . . .      Spirit   .   (armour unavailable)
rPois   +          Reflect  .   (helmet currently unavailable)
rElec   .          Harm     .   (cloak currently unavailable)
rCorr   .          Rampage  .   (gloves currently unavailable)
Will    .....      NoTele   +   (boots currently unavailable)
Stlth   +.........              (no amulet)
HPRegen 0.21/turn               (no ring)
MPRegen 0.14/turn               (no ring)

@: ice-form
A: freezing attack, amphibious, boosted hp, AC +6, large, unfitting armour,
(cold-blooded)
a: End Transformation, Renounce Religion


You were in the Dungeon.
You worshipped Ru.
Ru was noncommittal.
You were a creature of crystalline ice.
You visited 1 branch You collected 249 gold pieces.
You spent 228 gold pieces at shops.

Inventory:

Wands
 g - a wand of digging (7)
Scrolls
 f - a scroll of blinking
Potions
 a - a potion of curing
 b - 2 potions of heal wounds
 c - 2 potions of haste
 d - 2 potions of magic
 e - a potion of might


   Skills:
 + Level 6.4 Fighting
 + Level 5.7 Dodging
 + Level 6.6 Unarmed Combat
 + Level 5.7 Spellcasting
 + Level 6.8 Transmutations
 + Level 4.1 Ice Magic
 - Level 1.0 Poison Magic


You had 8 spell levels left.
You knew the following spells:

 Your Spells              Type           Power      Damage    Failure   Level
a - Beastly Appendage     Tmut           48%        N/A       1%          1
b - Spider Form           Tmut/Pois      16%        N/A       9%          3
c - Ice Form              Ice/Tmut       20%        N/A       16%         4

Your spell library contained the following spells:

 Spells                   Type           Power      Damage    Failure   Level
 Wereblood                Tmut           24%        N/A       1%          2


Dungeon Overview and Level Annotations

Branches:
Dungeon (1/1)

Altars:
Cheibriados
Dithmenos
Elyvilon
Fedhas
Gozag
Hepliaklqana
Kikubaaqudgha
Nemelex Xobeh
Okawaru
Qazlal
Ru
Sif Muna
Trog
Uskayaw
Vehumet
Wu Jian
Yredelemnul
Zin
The Shining One

Shops:
D !

Annotations:
D Sonja


Innate Abilities, Weirdness & Mutations

You are a creature of crystalline ice.
You have a powerful freezing melee attack.
You are amphibious.
Your maximum health is increased.
Your armour is entirely melded.
You are incapable of wielding weapons or throwing items.
((Your plain brown scales are hard. (AC +6)))
You cannot fit into any form of body armour.
((You are cold-blooded and may be slowed by cold attacks.))


Message History

Sonja blinks!
You miss Sonja. Sonja closely misses you. Sonja hits you but does no damage.
Space warps around you. Sonja hits you but does no damage.
Space warps around you.
You punch Sonja! You freeze Sonja.
Sonja is moderately wounded.
Sonja bows elegantly.
Sonja closely misses you. x2
Sonja hits you with a +1 short sword of distortion.
You miss Sonja.
Sonja is moderately wounded.
Sonja misses you.
Sonja closely misses you. x2; Sonja misses you.
Sonja hits you but does no damage. x2
You barely miss Sonja.
Sonja is moderately wounded.
Sonja gestures wildly while chanting.
Sonja blinks!
You closely miss Sonja.
Sonja is moderately wounded.
Sonja hits you with a +1 short sword of distortion.
Sonja closely misses you.
Sonja hits you with a +1 short sword of distortion.
Sonja hits you with a +1 short sword of distortion!
Space warps horribly around you!!
* * * LOW HITPOINT WARNING * * *
Sonja hits you but does no damage. Space warps around you.
* * * LOW HITPOINT WARNING * * *
Sonja hits you but does no damage.
You closely miss Sonja.
Sonja is moderately wounded.
Sonja hits you with a +1 short sword of distortion.
* * * LOW HITPOINT WARNING * * *
Sonja hits you but does no damage. Space warps around you.
* * * LOW HITPOINT WARNING * * *
Sonja hits you with a +1 short sword of distortion.
* * * LOW HITPOINT WARNING * * *
You closely miss Sonja.
Sonja is moderately wounded.
Sonja hits you but does no damage. Space warps around you.
You die...

################
#<.#..').#.)'..#
#..').#..'..#..+
#..#####+#####'#
#..#### #...#(#
#..#__####..##.#
#..#_____##'#_.+
#⌠⌠#_.∩...†.Y._#
####_..__##_K#+#
#_____###'#
####### #.# $.$
$.$ ##.## #+#


You could see Sonja.

Vanquished Creatures
  Sigmund (D)
  A yak (D)
  An ogre (D)
  A jelly (D)
  Ijyb (D)
5 creatures vanquished.

Notes
Turn   | Place    | Note
-------+----------+-------------------------------------------
     0 | D        | kae the Draconian Transmuter began the quest for the Orb.
     0 | D        | Reached XP level 1. HP: 16/16 MP: 3/3
     3 | D        | Noticed Ijyb
    14 | D        | Killed Ijyb
    15 | D        | Reached XP level 2. HP: 12/25 MP: 4/6
   203 | D        | Noticed an ogre
   206 | D        | Killed an ogre
   207 | D        | Reached skill level 5 in Unarmed Combat
   207 | D        | Reached XP level 3. HP: 34/34 MP: 4/8
   207 | D        | Reached XP level 4. HP: 41/41 MP: 5/10
   224 | D        | Learned a level 3 spell: Spider Form
   229 | D        | Learned a level 4 spell: Ice Form
   231 | D        | Noticed Sigmund
   239 | D        | Killed Sigmund
   240 | D        | Reached skill level 5 in Fighting
   240 | D        | Reached skill level 5 in Dodging
   240 | D        | Reached skill level 5 in Spellcasting
   240 | D        | Reached skill level 1 in Poison Magic
   240 | D        | Reached XP level 5. HP: 40/49 MP: 8/12
   306 | D        | Found an ornate altar of the Wu Jian Council.
   306 | D        | Found a shimmering blue altar of Sif Muna.
   308 | D        | Found a radiant altar of Vehumet.
   318 | D        | Reached XP level 6. HP: 41/57 MP: 10/13
   417 | D        | Found Tiop's Distillery.
   417 | D        | Found an ancient bone altar of Kikubaaqudgha.
   417 | D        | Found a hazy altar of Hepliaklqana.
   417 | D        | Found a hide-covered altar of Uskayaw.
   417 | D        | Found a basalt altar of Yredelemnul.
   417 | D        | Found an opulent altar of Gozag.
   417 | D        | Found a snail-covered altar of Cheibriados.
   417 | D        | Found a sacrificial altar of Ru.
   417 | D        | Found a shadowy altar of Dithmenos.
   417 | D        | Noticed a yak
   421 | D        | Killed a yak
   422 | D        | Found a stormy altar of Qazlal.
   422 | D        | Found a blossoming altar of Fedhas.
   422 | D        | Found a bloodstained altar of Trog.
   422 | D        | Found an iron altar of Okawaru.
   422 | D        | Found a glowing golden altar of the Shining One.
   422 | D        | Found a glowing silver altar of Zin.
   422 | D        | Found a white marble altar of Elyvilon.
   423 | D        | Found a sparkling altar of Nemelex Xobeh.
   464 | D        | Became a worshipper of Ru the Awakened
   467 | D        | Bought a potion of heal wounds for 60 gold pieces
   467 | D        | Bought a potion of haste for 120 gold pieces
   467 | D        | Bought a potion of might for 48 gold pieces
   473 | D        | Noticed Sonja
   482 | D        | HP: 1/69 [Sonja (4)]
   483 | D        | Slain by Sonja

Illustrated notes

Levels and vault maps discovered:
D:        dungeon_sprint_1 [red_sonja_temple_1, red_sonja_temple_small_1]

Skill      XL: |  1  2  3  4  5  6 |
---------------+-------------------+-----
Fighting       | 2 4 5 6 |  6.4
Dodging        | 2 4 5 |  5.7
Spellcasting   | 3 4 5 |  5.7
Transmutations | 3 4 6 |  6.8
Unarmed Combat | 5 6 |  6.6
Ice Magic      | 2 3 4 |  4.1
Poison Magic   | 1 |  1.0

Action                   |  1- 3 |  4- 6 || total
-------------------------+-------+-------++-------
Melee: Unarmed           |    11 |    18 ||    29
       Kick              |     3 |       ||     3
       Headbutt          |     3 |       ||     3
       Tailslap          |     2 |       ||     2
       Punch             |     1 |       ||     1
 Cast: Beastly Appendage |     4 |       ||     4
       Spider Form       |       |     2 ||     2
       Ice Form          |       |     2 ||     2
  Use: Potion            |     1 |       ||     1
Armor: Skin              |     3 |     9 ||    12
Dodge: Dodged            |     3 |    13 ||    16

Table legend: (Time is in decaauts)
 A = Elapsed time spent in this place.
 B = Non-inter-level travel time spent in this place.
 C = Inter-level travel time spent in this place.
 D = Time resting spent in this place.
 E = Time spent auto-exploring this place.
 F = Levels seen in this place.
 G = Mean time per level.
                   A        B        C        D        E       F      G
               +--------+--------+--------+--------+--------+-----+--------+
         Total |    492 |    492 |      0 |    303 |     73 |   1 |  492.0 |
       Dungeon |    492 |    492 |      0 |    303 |     73 |   1 |  492.0 |
               +--------+--------+--------+--------+--------+-----+--------+

Top non-repeatable levels by time:
       D: 492 daAuts
